 Dungeon Crawl Stone Soup version 0.22-a0-398-g8bb545f (webtiles) character file.

15 seerdeer the Sneak (level 2, -1/14 HPs)
             Began as a Spriggan Assassin on May 5, 2018.
             Slain by a leopard gecko (3 damage)
             ... on level 2 of the Dungeon.
             The game lasted 00:09:04 (611 turns).

seerdeer the Sneak (Spriggan Assassin)               Turns: 611, Time: 00:09:04

Health: -1/14      AC:  3    Str:  7    XL:     2   Next: 34%
Magic:  3/3        EV: 17    Int: 12    God:
Gold:   52         SH:  0    Dex: 17    Spells: 1/1 levels left

rFire    . . .     SeeInvis +   q - -2 dagger (curse)
rCold    . . .     Gourm    .   (shield restricted)
rNeg     . . .     Faith    .   c - +0 robe
rPois    .         Spirit   .   (helmet restricted)
rElec    .         Reflect  .   d - +0 cloak
rCorr    .         Harm     .   (gloves unavailable)
MR       .....                  (boots unavailable)
Stlth    ++++......             (no amulet)
HPRegen  0.04/turn              (no ring)
MPRegen  0.08/turn              (no ring)

@: very quick
A: very small, unfitting armour, see invisible, herbivore, speed 3, slow
metabolism 2
a: no special abilities


You were on level 2 of the Dungeon.
You were full.

You visited 1 branch of the dungeon, and saw 2 of its levels.

You collected 52 gold pieces.

Inventory:

Hand Weapons
 a - a +2 dagger
 b - a +0 blowgun
 e - a +0 short sword
 h - a +0 club
 i - a +0 club
 q - a cursed -2 dagger (weapon)
Missiles
 f - a stone
 j - a curare-tipped needle
 k - 4 poisoned needles (quivered)
 o - 38 sling bullets
Armour
 c - a +0 robe (worn)
 d - a +0 cloak (worn)
Comestibles
 g - a ration


   Skills:
 + Level 1.5 Fighting
 + Level 2.4 Short Blades
 + Level 2.1 Throwing
 + Level 1.5 Dodging
 + Level 6.6 Stealth


You had one spell level left.
You didn't know any spells.

Dungeon Overview and Level Annotations

Branches:
Dungeon (2/15)

Altars:


Innate Abilities, Weirdness & Mutations

You are very small and have problems with some larger weapons.
You are too small for most types of armour.
You have supernaturally acute eyesight. (SInv)
You are a herbivore.
You cover ground extremely quickly.
You need to consume almost no food.


Message History

The leopard gecko barely misses you.
You hit the leopard gecko but do no damage.
The leopard gecko is lightly wounded.
The leopard gecko closely misses you.
You closely miss the leopard gecko.
The leopard gecko is lightly wounded.
The leopard gecko misses you.
You hit the leopard gecko but do no damage.
The leopard gecko is lightly wounded.
The leopard gecko bites you.
* * * LOW HITPOINT WARNING * * *
You hit the leopard gecko but do no damage.
The leopard gecko is lightly wounded.
The leopard gecko closely misses you.
The leopard gecko bites you but does no damage.
You eat one of the 2 rations.
That ration really hit the spot!
You hit the leopard gecko but do no damage.
The leopard gecko is lightly wounded.
The leopard gecko bites you.
You die...

#+# #.# #.#
##.## #
##...##
....##.!...#
#......>.##
######l...####
#@.......
#....####
#.#### #.# #.#
#.# #.# #.#
#### ###.# ...


You could see a leopard gecko.

Vanquished Creatures
  3 bats (D:1)
  A giant cockroach (D:1)
  4 hobgoblins (D:1)
  2 jackals (D:1)
  A quokka (D:2)
  A kobold (D:1)
12 creatures vanquished.

Notes
Turn   | Place    | Note
-------+----------+-------------------------------------------
     0 | D:1      | seerdeer the Spriggan Assassin began the quest for the Orb.
     0 | D:1      | Reached XP level 1. HP: 10/10 MP: 2/2
    20 | D:1      | Reached skill level 6 in Stealth
   222 | D:1      | Reached XP level 2. HP: 11/14 MP: 3/3
   611 | D:2      | Slain by a leopard gecko

Vault maps used:
D:1:      lightli_arrival_statue_moat
D:2:      kennysheep_okawaru_gauntlet, first_ration

Skill      XL: |  1 |
---------------+----+-----
Stealth        | 6 |  6.6
Fighting       | |  1.5
Short Blades   | |  2.4
Throwing       | |  2.1
Dodging        | |  1.5

Action                   || total
-------------------------++-------
Melee: Dagger            ||    39
 Fire: Blowgun           ||    21
  Use: Potion            ||     3
       Scroll            ||     2
 Stab: Sleeping          ||     1
  Eat: Ration            ||     1
Armor: Robe              ||     6
Dodge: Dodged            ||    46

Table legend:
 A = Spawn XP
 B = Non-spawn XP
 C = Spawn XP percentage of total XP
 D = Spawn monster count
 E = Non-spawn monster count
 F = Spawn count percentage of total count
 G = Total turns spent on level
                    A         B        C        D         E        F      G
               +---------+---------+-------+---------+---------+-------+---------
         Total |       0 |      22 |   0.0 |       0 |      12 |   0.0 |   611
               +---------+---------+-------+---------+---------+-------+---------
           D:1 |       0 |      20 |   0.0 |       0 |      11 |   0.0 |   550
           D:2 |       0 |       2 |   0.0 |       0 |       1 |   0.0 |    61
               +---------+---------+-------+---------+---------+-------+---------
